[Event "Titled Tuesday Blitz March 01 Early 2022"]
[White "Bilych, Olexiy"]
[Black "Yuan, Qingyu"]
[WhiteFideId "14156504"]
[BlackFideId "8609772"]
[WhiteElo "2195"]
[BlackElo "2359"]
[Result "0-1"]
[Round "08"]
[TimeControl "180+1"]
[Date "2022.03.01"]
[WhiteClock "0:00:04"]
[BlackClock "0:00:01"]

1. e4 c5 2. Nf3 d6 3. d4 cxd4 4. Nxd4 Nf6 5. Nc3 a6 6. Bg5 e6 7. f4 Be7 8. Qf3 Qc7 9. O-O-O Nbd7 10. g4 h6 11. Bxf6 Bxf6 12. h4 Nb6 13. g5 Bxd4 14. Rxd4 Qc5 15. Rd2 Bd7 16. Bh3 Nc4 17. Rd3 Qb4 18. Nd1 Bc6 19. g6 f5 20. Rd4 Bxe4 21. Rxe4 fxe4 22. Qxe4 Qd2+ 23. Kb1 Qd5 24. Qe1 e5 25. Nc3 Qd2 26. Qg3 Qxf4 27. Qg2 O-O 28. b3 Ne3 29. Qxb7 Kh8 30. Re1 Qg3 31. Qh1 d5 32. Rg1 Qf3 33. Qh2 d4 34. Na4 Qf2 35. Qxf2 Rxf2 36. Nb6 Raf8 37. Nd7 Re8 38. Re1 Nxc2 39. Rxe5 Rxe5 40. Nxe5 Nb4 41. Be6 d3 0-1


[Site "https://www.chess.com"]

[Event "Titled Tuesday Blitz March 01 Early 2022"]
[White "Bintang, Rasyid A. Hidayat"]
[Black "Niyazgulova, Marina"]
[WhiteFideId "7105355"]
[BlackFideId "24142573"]
[WhiteElo "2372"]
[BlackElo "2075"]
[Result "0-1"]
[Round "08"]
[TimeControl "180+1"]
[Date "2022.03.01"]
[WhiteClock "0:01:02"]
[BlackClock "0:00:56"]

1. d4 d5 2. Bf4 Nf6 3. e3 c5 4. Nd2 Nc6 5. Ngf3 Bg4 6. Bb5 e6 7. O-O Bd6 8. dxc5 Bxc5 9. c4 O-O 10. a3 a6 11. Bxc6 bxc6 12. b4 Bd6 13. Bxd6 Qxd6 14. c5 Qc7 15. h3 Bh5 16. Qa4 e5 17. g4 Bg6 18. Rfd1 h5 19. g5 Nd7 20. Nf1 e4 21. Nd4 Ne5 22. Nd2 Qe7 23. h4 Qd7 24. Nf1 Nf3+ 25. Nxf3 exf3 26. Ng3 Qh3 0-1


[Site "https://www.chess.com"]

[Event "Titled Tuesday Blitz March 01 Early 2022"]
[White "Bodnaruk, Anastasia"]
[Black "Wagner, Dennis"]
[WhiteFideId "4181751"]
[BlackFideId "24650684"]
[WhiteElo "2393"]
[BlackElo "2355"]
[Result "0-1"]
[Round "08"]
[TimeControl "180+1"]
[Date "2022.03.01"]
[WhiteClock "0:00:11"]
[BlackClock "0:00:34"]

1. e4 c5 2. Nc3 d6 3. Nge2 Nf6 4. d4 cxd4 5. Nxd4 a6 6. h3 e5 7. Nde2 h5 8. g3 Be7 9. Bg2 b5 10. O-O Nbd7 11. Be3 Bb7 12. f4 Qc7 13. Nd5 Bxd5 14. exd5 Rc8 15. c3 Nb6 16. Qd3 Nc4 17. b3 Nxe3 18. Qxe3 O-O 19. Kh2 Rfe8 20. f5 Qc5 21. Qd2 Bf8 22. Rad1 a5 23. Rf3 e4 24. Re3 Nxd5 25. Rxe4 Ne3 26. b4 Qa7 27. Re1 Nxg2 28. Rxe8 Nxe1 29. Rxf8+ Rxf8 0-1


[Site "https://www.chess.com"]

[Event "Titled Tuesday Blitz March 01 Early 2022"]
[White "Bogumil, Tatiana"]
[Black "Gatterer, Florian"]
[WhiteFideId "4110579"]
[BlackFideId "811688"]
[WhiteElo "1862"]
[BlackElo "2218"]
[Result "1-0"]
[Round "08"]
[TimeControl "180+1"]
[Date "2022.03.01"]
[WhiteClock "0:01:15"]
[BlackClock "0:00:04"]

1. Nf3 d5 2. c4 d4 3. g3 Nc6 4. Bg2 e5 5. d3 Nf6 6. O-O a5 7. b3 Bc5 8. Na3 O-O 9. Nc2 Bg4 10. h3 Bh5 11. a3 e4 12. Bg5 exf3 13. exf3 h6 14. Bd2 Bg6 15. Bf4 Nh5 16. Bc1 Ne5 17. Ne1 Re8 18. f4 Nc6 19. Nf3 Nf6 20. g4 Nd7 21. f5 Bh7 22. Bf4 Bd6 23. Qd2 Bxf4 24. Qxf4 f6 25. Nxd4 Nxd4 26. Qxd4 Ne5 27. Bd5+ Kh8 28. f4 c6 29. fxe5 cxd5 30. e6 dxc4 31. Qxd8 Raxd8 32. dxc4 Rd3 33. Rab1 Rxh3 34. Kg2 Rc3 35. Rf3 Rxf3 36. Kxf3 g6 37. Ke4 Kg7 38. Rd1 Re7 39. Rd6 h5 40. Rd7 Kf8 41. gxh5 gxf5+ 42. Kd5 f4 43. Rd8+ Kg7 44. Kd6 Rxe6+ 45. Kxe6 f3 46. Rd2 Be4 47. h6+ Kxh6 48. Kxf6 Kh5 49. Ke5 Bc6 50. Kf4 Kg6 51. b4 axb4 52. axb4 b6 53. Ke3 Kf5 54. Rd6 1-0


[Site "https://www.chess.com"]

[Event "Titled Tuesday Blitz March 01 Early 2022"]
[White "Boraso, Alessio"]
[Black "Escudero Donoso, Felipe"]
[WhiteFideId "848077"]
[BlackFideId "3410595"]
[WhiteElo "2277"]
[BlackElo "2184"]
[Result "1-0"]
[Round "08"]
[TimeControl "180+1"]
[Date "2022.03.01"]
[WhiteClock "0:00:03"]
[BlackClock "0:00:04"]

1. c4 c5 2. g3 g6 3. Bg2 Bg7 4. Nc3 Nc6 5. Nf3 e5 6. d3 Nge7 7. O-O O-O 8. a3 d6 9. Rb1 a5 10. Bd2 Rb8 11. Ne1 Be6 12. Nc2 d5 13. cxd5 Nxd5 14. Nxd5 Bxd5 15. b4 axb4 16. a4 Nd4 17. Ne3 Bxg2 18. Kxg2 f5 19. Nc4 Qd5+ 20. Kg1 b5 21. axb5 Nxb5 22. Qc2 Nd4 23. Qd1 e4 24. Be3 exd3 25. Qxd3 Rfd8 26. Rfd1 Qc6 27. Bf4 Ra8 28. Ne5 Qe6 29. e3 Bxe5 30. exd4 Bxf4 31. d5 Qd6 32. gxf4 Qxf4 33. d6 Qg4+ 34. Kh1 Qe4+ 35. Qxe4 fxe4 36. Rbc1 Rac8 37. Rd5 c4 38. Rd4 Kf7 39. Kg2 Rc6 40. d7 Rc7 41. Rcxc4 Rxc4 42. Rxc4 Rxd7 43. Rxb4 Re7 44. Kg3 Kf6 45. Rb5 Re5 46. Rb7 h6 47. h4 e3 48. fxe3 Rxe3+ 49. Kf4 Ra3 50. Rb6+ Kg7 51. Rb7+ Kf6 52. Rb6+ Kf7 53. Rb4 Ra7 54. Rc4 Rd7 55. Ra4 Re7 56. Kg4 Kf6 57. Kg3 Re3+ 58. Kf4 Re6 59. Ra5 Rb6 60. Kf3 g5 61. hxg5+ hxg5 62. Kg4 Kg6 63. Ra4 Rb5 64. Ra6+ Kg7 65. Rc6 Rd5 66. Re6 Ra5 67. Rb6 Rb5 68. Rxb5 1-0


[Site "https://www.chess.com"]

[Event "Titled Tuesday Blitz March 01 Early 2022"]
[White "Bortnyk, Olexandr"]
[Black "Moskalenko, Alexander"]
[WhiteFideId "14120828"]
[BlackFideId "4155351"]
[WhiteElo "2960"]
[BlackElo "2850"]
[Result "1-0"]
[Round "08"]
[TimeControl "180+1"]
[Date "2022.03.01"]
[WhiteClock "0:00:05"]
[BlackClock "0:00:04"]

1. d4 Nf6 2. Bf4 e6 3. e3 d5 4. Nf3 Bd6 5. Ne5 c5 6. Nd2 Qc7 7. c3 Nc6 8. Ndf3 Nh5 9. Bd3 cxd4 10. cxd4 Nxf4 11. exf4 Nxe5 12. fxe5 Bb4+ 13. Ke2 Be7 14. Rc1 Qb6 15. Qc2 Bd7 16. h4 h6 17. Qd2 Bb5 18. Rc2 Kd7 19. Rhc1 Rhc8 20. b3 h5 21. g3 Bxd3+ 22. Qxd3 g6 23. Kf1 Rxc2 24. Qxc2 Ba3 25. Rd1 Rc8 26. Qd2 Be7 27. Kg2 Qc6 28. Qf4 Qc2 29. Rd2 Qe4 30. Qxe4 dxe4 31. Ng1 Rc1 32. Ne2 Re1 33. Rc2 Bb4 34. a4 a6 35. Nf4 b5 36. axb5 axb5 37. d5 exd5 38. Nxd5 Ba5 39. b4 Bd8 40. Rd2 Ke6 41. Nf4+ Ke7 42. Rd5 Bc7 43. Rxb5 e3 44. fxe3 Rxe3 45. Nd5+ 1-0


[Site "https://www.chess.com"]

[Event "Titled Tuesday Blitz March 01 Early 2022"]
[White "Boruchovsky, Avital"]
[Black "Hess, Robert"]
[WhiteFideId "2800055"]
[BlackFideId "2022036"]
[WhiteElo "2763"]
[BlackElo "2836"]
[Result "0-1"]
[Round "08"]
[TimeControl "180+1"]
[Date "2022.03.01"]
[WhiteClock "0:00:02"]
[BlackClock "0:00:02"]

1. e4 g6 2. d4 Bg7 3. c3 a6 4. Bd3 d6 5. h4 h6 6. Be3 e5 7. Ne2 Nf6 8. f3 Nc6 9. Qd2 d5 10. exd5 Nxd5 11. h5 g5 12. Bf2 exd4 13. cxd4 O-O 14. Nbc3 Be6 15. O-O Nb6 16. Rad1 Nb4 17. Bb1 Re8 18. Rfe1 N4d5 19. Qc2 Nf6 20. Ng3 Nbd5 21. Nxd5 Qxd5 22. Re5 Qd6 23. Rde1 c6 24. Nf5 Bxf5 25. Qxf5 Kf8 26. a3 Rad8 27. Ba2 Qd7 28. Rxe8+ Rxe8 29. Qc5+ Kg8 30. Rxe8+ Qxe8 31. Qb6 Qd7 32. b4 Nxh5 33. d5 cxd5 34. Bd4 Nf4 35. Bc5 Ne6 36. Bf2 d4 37. Qa7 d3 38. Qa8+ Nf8 0-1


[Site "https://www.chess.com"]

[Event "Titled Tuesday Blitz March 01 Early 2022"]
[White "Brodowski, Piotr"]
[Black "Yang, Kaiqi"]
[WhiteFideId "1124480"]
[BlackFideId "8604398"]
[WhiteElo "2422"]
[BlackElo "2373"]
[Result "1-0"]
[Round "08"]
[TimeControl "180+1"]
[Date "2022.03.01"]
[WhiteClock "0:00:26"]
[BlackClock "0:00:02"]

1. e4 c5 2. Nc3 Nc6 3. Bb5 Nd4 4. Nf3 e6 5. O-O Ne7 6. Nxd4 cxd4 7. Ne2 Qb6 8. Ba4 Ng6 9. d3 Be7 10. Kh1 O-O 11. f4 f5 12. exf5 Rxf5 13. Ng3 Rf8 14. f5 Nh4 15. fxe6 Rxf1+ 16. Qxf1 dxe6 17. Ne4 e5 18. Bg5 Qd8 19. Bb3+ Kh8 20. Qf7 Bxg5 21. Nxg5 h6 22. Rf1 Bf5 23. Qxf5 Nxf5 24. Nf7+ Kh7 25. Nxd8 Ne3 26. Rf8 Rc8 27. Ne6 Rc7 28. Nxc7 1-0


[Site "https://www.chess.com"]

[Event "Titled Tuesday Blitz March 01 Early 2022"]
[White "Butti, Enrique"]
[Black "Sinitsina, Anastassia"]
[WhiteFideId "3700470"]
[BlackFideId "4504640"]
[WhiteElo "2080"]
[BlackElo "2144"]
[Result "0-1"]
[Round "08"]
[TimeControl "180+1"]
[Date "2022.03.01"]
[WhiteClock "0:01:45"]
[BlackClock "0:01:14"]

1. d4 Nf6 2. Nf3 g6 3. c4 Bg7 4. Nc3 O-O 5. Bg5 h6 6. Bh4 d6 7. e3 c5 8. Be2 Qb6 9. Qd2 Nbd7 10. O-O Re8 11. Rab1 Qa5 12. Rfd1 Nf8 13. Bxf6 Bxf6 14. Nd5 Qxd2 15. Nxf6+ exf6 16. Rxd2 Bf5 17. Rbd1 Rac8 18. dxc5 dxc5 19. b3 Be4 20. Ne1 f5 21. Bf3 Ne6 22. Rd7 Red8 23. Rxd8+ Rxd8 24. Rxd8+ Nxd8 25. Kf1 Kf8 26. Ke2 Bb1 27. a3 Ba2 0-1


[Site "https://www.chess.com"]

[Event "Titled Tuesday Blitz March 01 Early 2022"]
[White "Clawitter, Craig"]
[Black "Winkels, Marcel"]
[WhiteFideId "2023105"]
[BlackFideId "1003887"]
[WhiteElo "2223"]
[BlackElo "1900"]
[Result "1-0"]
[Round "08"]
[TimeControl "180+1"]
[Date "2022.03.01"]
[WhiteClock "0:00:07"]
[BlackClock "0:00:01"]

1. e4 g6 2. d4 Bg7 3. Nc3 d5 4. exd5 Nf6 5. Bb5+ Bd7 6. Bc4 O-O 7. Nf3 Bg4 8. h3 Bxf3 9. Qxf3 Nbd7 10. O-O Nb6 11. Bb3 a5 12. a4 Qd7 13. Re1 Rfe8 14. Bd2 Rad8 15. Nb5 Nbxd5 16. Bxa5 b6 17. Bd2 c6 18. Na3 Nc7 19. c3 e5 20. Bg5 e4 21. Qg3 Ncd5 22. Nc4 Nh5 23. Qh4 f6 24. Bd2 Bf8 25. Nxb6 Qe7 26. Nxd5 cxd5 27. a5 Ng7 28. a6 Nf5 29. Qg4 Qa7 30. Bf4 Re6 31. Ra5 Rxa6 32. Rxd5 Rxd5 33. Bxd5+ Kh8 34. Bxe4 Nd6 35. Qe6 Qe7 36. Qxe7 Bxe7 37. Bd3 Ra7 38. Bxd6 Bxd6 39. Re6 Bf8 40. b4 Rc7 41. b5 Rxc3 42. Re8 Kg7 43. Be4 Rb3 44. Bc6 Bd6 45. g3 1-0


[Site "https://www.chess.com"]

[Event "Titled Tuesday Blitz March 01 Early 2022"]
[White "Cori T., Deysi"]
[Black "Kukula, Pawel"]
[WhiteFideId "3801934"]
[BlackFideId "1115081"]
[WhiteElo "2350"]
[BlackElo "2203"]
[Result "1-0"]
[Round "08"]
[TimeControl "180+1"]
[Date "2022.03.01"]
[WhiteClock "0:01:02"]
[BlackClock "0:00:50"]

1. d4 e6 2. Nf3 f5 3. c4 Nf6 4. e3 g6 5. Bd3 Bg7 6. b4 O-O 7. Qb3 Kh8 8. Nc3 d6 9. c5 Qe7 10. Bb2 b6 11. d5 e5 12. Be2 Nbd7 13. c6 Nb8 14. b5 a6 15. a4 h6 16. h4 a5 17. O-O-O Ng4 18. Rdf1 f4 19. e4 h5 20. Ng5 Bh6 21. Nf3 Kh7 22. Nb1 Qf7 23. Nbd2 Qe7 24. Ba3 Qd8 25. Kc2 Qe7 26. Nc4 Na6 27. bxa6 Bxa6 28. Bd3 Rab8 29. Nb2 Bc8 30. Bb5 Kh8 31. Nd3 Bg7 32. Ng5 Bf6 33. Nf3 Bg7 34. Qc3 Rf7 35. Qd2 Rf8 36. Bc4 Rf7 37. Rb1 Rf8 38. Bb2 Bf6 39. Bc3 Kg7 40. Bxa5 Ra8 41. Bb4 Rxa4 42. Ra1 Rxa1 43. Rxa1 Bxh4 44. Ra7 Bf6 45. Nb2 g5 46. Nd1 Nh6 47. Nc3 g4 48. Ne1 Bg5 49. f3 h4 50. Nb5 h3 51. gxh3 gxh3 52. Rxc7 Qxc7 53. Nxc7 Rf6 54. Ne8+ Kg6 55. Nxf6 Kxf6 56. Bxd6 Bh4 57. Nd3 Nf7 58. Bxe5+ Nxe5 59. Qxf4+ 1-0


[Site "https://www.chess.com"]

[Event "Titled Tuesday Blitz March 01 Early 2022"]
[White "Costachi, Mihnea"]
[Black "Nazari, Arad"]
[WhiteFideId "1217518"]
[BlackFideId "12577324"]
[WhiteElo "2464"]
[BlackElo "2120"]
[Result "1-0"]
[Round "08"]
[TimeControl "180+1"]
[Date "2022.03.01"]
[WhiteClock "0:00:45"]
[BlackClock "0:00:05"]

1. d4 Nf6 2. Bg5 c5 3. e3 e6 4. c3 b6 5. Nd2 Bb7 6. Ngf3 d6 7. Bd3 Nbd7 8. e4 Be7 9. Qe2 a6 10. a4 O-O 11. h3 Re8 12. O-O Nf8 13. b4 Qc7 14. Rfc1 h6 15. Bf4 Ng6 16. Bh2 e5 17. d5 Rec8 18. Qd1 a5 19. bxa5 bxa5 20. Rab1 Rcb8 21. Qf1 Bc8 22. Rxb8 Rxb8 23. Rb1 Bd7 24. Bb5 Bc8 25. Rb3 Nh7 26. Qb1 Ng5 27. Nxg5 Bxg5 28. Nc4 f5 29. exf5 Ne7 30. Bxe5 Bxf5 31. Bxd6 Qxd6 32. Nxd6 Bxb1 33. Rxb1 Nxd5 34. Ne4 Bf6 35. Nxc5 Bxc3 36. Rd1 Nf6 37. Ne6 Kf7 38. Nc5 Rc8 39. Nb7 Bb4 40. Nd6+ Bxd6 41. Rxd6 Rc1+ 42. Kh2 Ne4 43. Rd4 Nc3 44. Rc4 Na2 45. Rxc1 Nxc1 46. Kg3 Kf6 47. Kf4 Nb3 48. Ke4 Ke7 49. Ke5 Nd2 50. f4 h5 51. Kf5 h4 52. Kg5 Ne4+ 53. Kxh4 Kf6 54. Kg4 Nd6 55. Bd3 Ne8 56. Kf3 Nc7 57. Bc4 Ne8 58. g4 Nd6 59. g5+ Ke7 60. Bd3 Nb7 61. Ke3 Nc5 62. Bb5 Ne6 63. h4 g6 64. Bd3 Nc5 65. Bc2 Kf7 66. Kd4 Ne6+ 67. Ke5 Nc5 68. Kd5 Ne6 69. Bxg6+ 1-0


[Site "https://www.chess.com"]

[Event "Titled Tuesday Blitz March 01 Early 2022"]
[White "Csonka, Balazs"]
[Black "Shukhman, Anna"]
[WhiteFideId "742910"]
[BlackFideId "54180058"]
[WhiteElo "2404"]
[BlackElo "1628"]
[Result "1-0"]
[Round "08"]
[TimeControl "180+1"]
[Date "2022.03.01"]
[WhiteClock "0:00:06"]
[BlackClock "0:00:38"]

1. d4 Nf6 2. Nf3 g6 3. Bg5 Bg7 4. Nbd2 d5 5. e3 O-O 6. Be2 c6 7. h3 Nbd7 8. O-O h6 9. Bf4 Ne4 10. c4 g5 11. Bh2 f5 12. cxd5 cxd5 13. Qb3 e6 14. Nxe4 fxe4 15. Nd2 Qa5 16. Nb1 e5 17. Nc3 exd4 18. Nxd5 Nc5 19. Qc4 d3 20. Nc7+ Kh8 21. b4 Qa4 22. Qxc5 dxe2 23. Nxa8 exf1=Q+ 24. Rxf1 b6 25. Qe7 Qd7 26. Qxd7 Bxd7 27. Nc7 a5 28. bxa5 bxa5 29. Rd1 Bc6 30. Ne6 Rb8 31. Bxb8 Bf6 32. Nd8 Bb5 33. Be5 Bxe5 34. Nf7+ Kg7 35. Nxe5 Kf6 36. Nd7+ Ke6 37. Nc5+ Ke7 38. Rd4 1-0


[Site "https://www.chess.com"]

[Event "Titled Tuesday Blitz March 01 Early 2022"]
[White "Danielian, Vardan"]
[Black "Todorovic, Bojan"]
[WhiteFideId "13301594"]
[BlackFideId "917087"]
[WhiteElo "2483"]
[BlackElo "2266"]
[Result "1-0"]
[Round "08"]
[TimeControl "180+1"]
[Date "2022.03.01"]
[WhiteClock "0:01:07"]
[BlackClock "0:00:13"]

1. Nf3 g6 2. g3 Bg7 3. Bg2 Nf6 4. O-O O-O 5. d4 d6 6. c4 c6 7. Nc3 Qa5 8. Qd2 Qh5 9. Qg5 Qxg5 10. Bxg5 Bf5 11. Rfe1 h6 12. Bf4 Nbd7 13. e4 Bg4 14. h3 Bxf3 15. Bxf3 e5 16. Be3 exd4 17. Bxd4 Ne5 18. Be2 Nfd7 19. Rad1 Nc5 20. f4 Ned7 21. Bxg7 Kxg7 22. Rxd6 Nf6 23. Bf3 Rfe8 24. b4 Na6 25. e5 Nxb4 26. exf6+ 1-0


[Site "https://www.chess.com"]

[Event "Titled Tuesday Blitz March 01 Early 2022"]
[White "Deac, Bogdan-Daniel"]
[Black "Jary, Sergey"]
[WhiteFideId "1226380"]
[BlackFideId "14110350"]
[WhiteElo "3014"]
[BlackElo "2597"]
[Result "1/2-1/2"]
[Round "08"]
[TimeControl "180+1"]
[Date "2022.03.01"]
[WhiteClock "0:00:05"]
[BlackClock "0:00:37"]

1. Nf3 g6 2. d4 Bg7 3. e4 d6 4. c3 Nf6 5. Bd3 O-O 6. O-O Nc6 7. h3 e5 8. Re1 Re8 9. Na3 a5 10. Nb5 Bd7 11. a4 h6 12. dxe5 Nxe5 13. Nxe5 dxe5 14. Bc4 Bf8 15. Qb3 Be6 16. Bxe6 Rxe6 17. Na3 b6 18. Qc4 Kh7 19. Be3 Bxa3 20. Rxa3 Qd7 21. f3 Nh5 22. Qd5 Rd8 23. Qxd7 Rxd7 24. b4 Rc6 25. bxa5 bxa5 26. Rb3 Nf4 27. Rb5 Rxc3 28. Rxa5 c6 29. Kh2 Kg7 30. h4 Rc2 31. Rg1 Rc3 32. Ra7 Rxa7 33. Bxa7 Ra3 34. Bb8 f6 35. Rc1 Ra2 36. Rxc6 Nxg2 37. Rc7+ Kg8 38. Rc8+ Kg7 39. Rc7+ Kg8 40. Rc8+ Kg7 41. Rc7+ 1/2-1/2


[Site "https://www.chess.com"]

[Event "Titled Tuesday Blitz March 01 Early 2022"]
[White "Demchenko, Anton"]
[Black "Alavkin, Arseny"]
[WhiteFideId "4160258"]
[BlackFideId "4120612"]
[WhiteElo "2539"]
[BlackElo "2391"]
[Result "1/2-1/2"]
[Round "08"]
[TimeControl "180+1"]
[Date "2022.03.01"]
[WhiteClock "0:00:07"]
[BlackClock "0:00:06"]

1. e4 e6 2. d4 d5 3. Nd2 Be7 4. Ngf3 Nf6 5. e5 Nfd7 6. c3 c5 7. Be2 Nc6 8. O-O a5 9. a4 O-O 10. Re1 f6 11. exf6 Nxf6 12. Bb5 cxd4 13. cxd4 Bb4 14. Re2 Bd7 15. Nf1 Ne4 16. Ng3 Nxg3 17. hxg3 Qf6 18. Bg5 Qf7 19. Bf4 Rac8 20. Qd3 Qf5 21. Qxf5 Rxf5 22. Rc1 h6 23. Bd2 Rxf3 24. Bxb4 Nxd4 25. Ree1 Rxc1 26. Rxc1 Rb3 27. Bc3 Nxb5 28. axb5 Rxb5 29. Be5 Bc6 30. Ra1 b6 31. Bd4 Rb4 32. Be5 Kf7 33. f3 a4 34. Kf2 Rc4 35. Ke3 b5 36. g4 b4 37. Rd1 Rc2 38. Rd2 Rc4 39. Rd4 Bb5 40. Rxc4 Bxc4 41. Bd6 b3 42. Kd4 Bf1 43. g3 Be2 44. Ke3 Bd1 45. Ba3 g6 46. Kf4 Kg7 47. g5 h5 48. Ke3 Kf7 49. f4 Ke8 50. Kd4 Bg4 51. Ke5 Kd7 52. Kd4 Kc6 53. Bf8 Kb5 54. Be7 Bf5 55. Bf8 Kc6 56. Be7 Kb5 57. Ba3 Kb6 58. Bf8 Kc6 59. Be7 Kb5 1/2-1/2


[Site "https://www.chess.com"]

[Event "Titled Tuesday Blitz March 01 Early 2022"]
[White "Derraugh, Geordie"]
[Black "Mitusov, Semen"]
[WhiteFideId "2603950"]
[BlackFideId "14151049"]
[WhiteElo "2116"]
[BlackElo "2246"]
[Result "0-1"]
[Round "08"]
[TimeControl "180+1"]
[Date "2022.03.01"]
[WhiteClock "0:00:04"]
[BlackClock "0:00:07"]

1. e4 e5 2. Nf3 Qe7 3. Nc3 c6 4. Bc4 d6 5. O-O Bg4 6. h3 Bh5 7. d3 h6 8. a4 Nf6 9. a5 Qc7 10. Be3 Nbd7 11. g4 Bg6 12. Nh4 Bh7 13. Nf5 Bxf5 14. gxf5 Be7 15. Qf3 g6 16. fxg6 fxg6 17. Kh1 Nf8 18. Rg1 Qd7 19. b4 g5 20. b5 a6 21. bxa6 bxa6 22. Rab1 Ng6 23. Rb6 Nh4 24. Qg3 d5 25. exd5 Nxd5 26. Nxd5 cxd5 27. Bxa6 Rxa6 28. Rxa6 d4 29. Ra8+ Bd8 30. Qxe5+ Kf7 31. Rg4 dxe3 32. fxe3 Bf6 33. Qe4 Rxa8 34. Qxa8 Qb5 35. Qa7+ Kg6 36. Qc7 Qb1+ 37. Kh2 Qe1 38. Rg3 Qf2+ 39. Rg2 Qxg2# 0-1


[Site "https://www.chess.com"]

[Event "Titled Tuesday Blitz March 01 Early 2022"]
[White "Desideri, Ricardo Maruchi"]
[Black "Gerbelli Neto, Eduardo"]
[WhiteFideId "2110440"]
[BlackFideId "2103281"]
[WhiteElo "1945"]
[BlackElo "2178"]
[Result "0-1"]
[Round "08"]
[TimeControl "180+1"]
[Date "2022.03.01"]
[WhiteClock "0:00:21"]
[BlackClock "0:01:00"]

1. e4 e5 2. Nf3 Nc6 3. d4 exd4 4. Nxd4 Bc5 5. Nb3 Bb6 6. Nc3 Nge7 7. Qe2 O-O 8. Be3 f5 9. O-O-O f4 10. Bxb6 axb6 11. Kb1 d6 12. Qc4+ Kh8 13. f3 Ne5 14. Qd4 Be6 15. h4 N7c6 16. Qd2 Qd7 17. h5 Qf7 18. h6 g6 19. Nd5 Na5 20. Be2 Nxb3 21. cxb3 Ra5 22. a3 Bxd5 23. exd5 Rfa8 24. b4 R5a7 25. Rc1 Rd8 26. Rc2 Raa8 27. Rhc1 Rac8 28. Bb5 Qf5 29. Qd4 c5 30. dxc6 bxc6 31. Bxc6 Rxc6 0-1


[Site "https://www.chess.com"]

[Event "Titled Tuesday Blitz March 01 Early 2022"]
[White "Dias, Joao Batista"]
[Black "Ovezdurdyyeva, Jemal"]
[WhiteFideId "2108240"]
[BlackFideId "14001888"]
[WhiteElo "1898"]
[BlackElo "1946"]
[Result "1-0"]
[Round "08"]
[TimeControl "180+1"]
[Date "2022.03.01"]
[WhiteClock "0:01:12"]
[BlackClock "0:00:27"]

1. e4 d6 2. d4 Nf6 3. Nc3 g6 4. Be2 c6 5. Nf3 b5 6. a3 Bg7 7. O-O a5 8. e5 Nfd7 9. exd6 exd6 10. d5 O-O 11. dxc6 Nxc6 12. Bxb5 Nde5 13. Nxe5 Nxe5 14. Bf4 Qb6 15. a4 Bb7 16. Nd5 Qc5 17. c4 Nxc4 18. Ne7+ Kh8 19. b3 Ne5 20. Rc1 Qb4 21. Bxe5 Bxe5 22. Rc4 Qa3 23. f4 Bg7 24. f5 d5 25. Rc7 Rab8 26. fxg6 fxg6 27. Rxf8+ Bxf8 28. Qd4+ Bg7 29. Nxg6+ hxg6 30. Qxg7# 1-0


[Site "https://www.chess.com"]

[Event "Titled Tuesday Blitz March 01 Early 2022"]
[White "Djokic, Mihailo"]
[Black "Rustemov, Alexander"]
[WhiteFideId "976440"]
[BlackFideId "4119002"]
[WhiteElo "2008"]
[BlackElo "2798"]
[Result "1/2-1/2"]
[Round "08"]
[TimeControl "180+1"]
[Date "2022.03.01"]
[WhiteClock "0:00:06"]
[BlackClock "0:00:12"]

1. e4 e6 2. d4 d5 3. Nc3 Bb4 4. e5 c5 5. a3 Bxc3+ 6. bxc3 Ne7 7. h4 Qc7 8. h5 cxd4 9. cxd4 Qc3+ 10. Bd2 Qxd4 11. Nf3 Qe4+ 12. Be3 Nf5 13. Bd3 Nxe3 14. fxe3 Qxe3+ 15. Kf1 Nc6 16. h6 gxh6 17. Rh5 Bd7 18. Rb1 O-O-O 19. c3 Rdf8 20. Qc2 f6 21. Re1 Qc5 22. exf6 Rxf6 23. Bxh7 e5 24. Rhxe5 Nxe5 25. Rxe5 Kb8 26. Be4 Qc4+ 27. Bd3 Qf4 28. Rxd5 Bc6 29. Rd4 Qg3 30. Be4 Re8 31. Qd2 Bxe4 32. Rd8+ Kc7 33. Qd7+ Kb6 34. Qd4+ Kc7 35. Qd7+ Kb6 36. Qd4+ Kc7 37. Rxe8 Rxf3+ 38. gxf3 Qxf3+ 39. Ke1 Qh1+ 40. Kd2 Qg2+ 41. Ke1 Qh1+ 42. Kf2 Qg2+ 43. Ke3 Qf3+ 44. Kd2 Qg2+ 45. Kd1 Qh1+ 46. Kd2 Qg2+ 1/2-1/2


[Site "https://www.chess.com"]

[Event "Titled Tuesday Blitz March 01 Early 2022"]
[White "Dobre, Claudiu-Cristian"]
[Black "Dronavalli, Harika"]
[WhiteFideId "1211854"]
[BlackFideId "5015197"]
[WhiteElo "2207"]
[BlackElo "2382"]
[Result "1-0"]
[Round "08"]
[TimeControl "180+1"]
[Date "2022.03.01"]
[WhiteClock "0:00:05"]
[BlackClock "0:00:16"]

1. c4 b6 2. e4 Bb7 3. Nc3 e5 4. Nf3 Nc6 5. d4 exd4 6. Nxd4 Bb4 7. Qd3 Qf6 8. Be3 Nge7 9. f3 O-O 10. a3 Bc5 11. Nb3 Bxe3 12. Qxe3 Ne5 13. Be2 N7g6 14. g3 Rae8 15. O-O h5 16. Rad1 d6 17. Qd4 Qd8 18. f4 Ng4 19. h3 Nf6 20. Nd2 Qe7 21. Bd3 Bc8 22. Kg2 Qd7 23. Rh1 h4 24. f5 Ne5 25. g4 Bb7 26. Bc2 c5 27. Qf2 Qe7 28. Qxh4 Nc6 29. Nf3 Na5 30. g5 Nxe4 31. Rhe1 Nxg5 32. Rxe7 Nxf3 33. Qg3 Rxe7 34. f6 Ng5+ 35. Kf1 Re5 36. Rxd6 Rfe8 37. h4 Ne6 38. Rxe6 g6 39. Rxe8+ Rxe8 40. Bxg6 Re2 41. Nxe2 fxg6 42. Qxg6+ Kf8 43. Qg7+ 1-0


[Site "https://www.chess.com"]

[Event "Titled Tuesday Blitz March 01 Early 2022"]
[White "Durarbayli, Vasif"]
[Black "Jaferian, Koosha"]
[WhiteFideId "13402935"]
[BlackFideId "12507440"]
[WhiteElo "2528"]
[BlackElo "2027"]
[Result "1-0"]
[Round "08"]
[TimeControl "180+1"]
[Date "2022.03.01"]
[WhiteClock "0:00:40"]
[BlackClock "0:00:02"]

1. e4 c6 2. d4 d5 3. exd5 cxd5 4. c4 Nf6 5. Nc3 Nc6 6. Nf3 Bg4 7. Bg5 Bxf3 8. gxf3 e6 9. cxd5 exd5 10. Qe2+ Be7 11. Bxf6 gxf6 12. O-O-O Qd7 13. h4 O-O-O 14. Bh3 f5 15. Qd3 Kb8 16. Bxf5 Qd6 17. Kb1 Bf6 18. Ne2 h6 19. h5 Rhg8 20. Bg4 a6 21. Qd2 Bg5 22. Qc3 Rge8 23. Ng3 Ka8 24. Rhe1 Qf6 25. Nf5 Bf4 26. a3 Bc7 27. Qc5 Ba5 28. Rxe8 Rxe8 29. Ne3 Rd8 30. Nxd5 Qg5 31. Ne3 Qf6 32. d5 Ne5 33. Qxa5 Rc8 34. Bxc8 1-0


[Site "https://www.chess.com"]

[Event "Titled Tuesday Blitz March 01 Early 2022"]
[White "Dziththauly, Ramadhan"]
[Black "Siva Mahadevan"]
[WhiteFideId "7105525"]
[BlackFideId "25043153"]
[WhiteElo "2587"]
[BlackElo "2203"]
[Result "0-1"]
[Round "08"]
[TimeControl "180+1"]
[Date "2022.03.01"]
[WhiteClock "0:00:02"]
[BlackClock "0:00:15"]

1. d4 Nf6 2. c4 g6 3. Nc3 Bg7 4. e4 O-O 5. f3 d6 6. Bg5 Nbd7 7. Qd2 a6 8. Nh3 c6 9. a4 e5 10. dxe5 dxe5 11. Nf2 a5 12. Be2 Qe7 13. O-O Nc5 14. Qc2 Ne6 15. Be3 Nh5 16. Nd3 Nd4 17. Bxd4 exd4 18. Nd1 c5 19. N1f2 Re8 20. Rae1 b6 21. f4 Bb7 22. Bxh5 gxh5 23. Qe2 f5 24. e5 Qf7 25. b3 Kh8 26. Nh3 h6 27. Qf2 Re6 28. Qh4 Rg8 29. Re2 Bf8 30. Qe1 Be7 31. Qd2 h4 32. Ne1 Qh5 33. Qd3 Qg4 34. Kf2 Reg6 35. Rg1 Qh5 36. Nf3 Re6 37. Kf1 Rg4 38. Ne1 Qg6 39. Nf3 Be4 40. Qd2 Bd8 41. Nf2 Bxf3 42. Nxg4 Bxe2+ 43. Qxe2 Qxg4 44. Qxg4 fxg4 45. Ke2 Kg7 46. Kd3 Bc7 47. Ke4 Kf7 48. h3 g3 49. Re1 Re8 50. Kd5 Kg6 51. Kc6 Re7 52. Kd5 Kf5 53. Rf1 d3 54. Rd1 Kxf4 55. Rxd3 Rd7+ 0-1


[Site "https://www.chess.com"]